 Dungeon Crawl Stone Soup version 0.31.0-1-g2c135a008e (webtiles) character file.

Game seed: 11887744786199787295

407 qw the Shooter (level 7, -1/46 HPs)
             Began as a Djinni Hunter on Jan 23, 2024.
             Was an Initiate of Okawaru.
             Slain by an orc
             ... wielding a +0 club
              (3 damage)
             ... on level 5 of the Dungeon.
             The game lasted 00:00:13 (2884 turns).

qw the Shooter (Djinni Hunter)                      Turns: 2884, Time: 00:00:14

Health: -1/46      AC:  7    Str: 10    XL:     7   Next: 12%
Gold:   293        EV: 11    Int: 10    God:    Okawaru [......] SH:  5 Dex: 19

rFire   + + .        a - +0 shortbow (freeze)
rCold   x . .        (shield currently unavailable)
rNeg    + . .        m - +0 ring mail
rPois   inf          j - +2 hat
rElec   .            (no cloak)
rCorr   .            (no gloves)
SInv    +            (boots unavailable)
Will    .....        k - amulet of reflection
Stlth   +            e - ring of see invisible
HPRegen 0.27/turn    h - ring of positive energy
MPRegen 0.00/turn

%: reflection, infuse magic (-2 HP)
@: about to teleport, flying
A: sickness immunity, fire resistance 2, cold vulnerability 1, float, innate
caster, HP casting, extra vitality 1, frail 1, MP-powered wands
a: Renounce Religion


You were on level 5 of the Dungeon.
You worshipped Okawaru.
Okawaru was noncommittal.
You visited 2 branches of the dungeon, and saw 6 of its levels.

You collected 293 gold pieces.


Innate Abilities, Weirdness & Mutations

You are immune to sickness and miasma.
You are immune to poison.
Your flesh is very heat resistant. (rF++)
You are vulnerable to cold. (rC-)
You float through the air rather than walking.
You learn spells naturally, not from books.
Your magical power is your life essence.
You have superior vitality. (+4 MHP)
You are frail. (-10% HP)
You expend health (3 HP) to strengthen your wands.


   Skills:
 - Level 4.0 Fighting
 + Level 5.4 Ranged Weapons
 - Level 1.5 Armour
 - Level 3.0 Dodging
 - Level 0.7 Stealth


You knew the following spells:

 Your Spells              Type           Power      Damage    Failure   Level
a - Magic Dart            Conj           0%         1d3       67%         1
b - Blink                 Tloc           0%         N/A       82%         2
c - Call Canine Familiar  Summ           0%         N/A       96%         3
Your spell library was empty.

Inventory:

Hand Weapons
 a - a +0 shortbow of freezing (weapon)
Armour
 j - a +2 hat (worn)
 m - a +0 ring mail (worn)
Jewellery
 e - a ring of see invisible (left hand)
 h - a ring of positive energy (right hand)
 k - an amulet of reflection (around neck)
Scrolls
 d - a scroll of teleportation
Potions
 b - a potion of heal wounds {unknown}
 c - a potion of resistance {unknown}
 g - a potion of haste {unknown}
 i - a potion of invisibility {unknown}
 n - a potion of curing {unknown}
 o - a potion of degeneration {unknown}

Dungeon Overview and Level Annotations

Branches:
Dungeon (5/15)             Temple (1/1) D:5

Altars:
Ashenzari
Cheibriados
Dithmenos
Elyvilon
Makhleb
Nemelex Xobeh
Okawaru
Wu Jian
Xom
Yredelemnul
The Shining One

Shops:
D:3 (

Annotations:
D:4 exclusion: 2 endoplasms
D:5 Menkaure


Message History

Menkaure seems to speed up.
A phantom comes into view.
You shoot an arrow. The arrow hits Menkaure.
Menkaure is lightly damaged.
Menkaure points at you and mumbles some strange words.
Pain shoots through your body!
Menkaure mumbles a few words.
You shoot an arrow. The arrow barely misses Menkaure.
The arrow hits the phantom.
The phantom is lightly damaged.
Menkaure casts a spell at you. Pain shoots through your body!
An orc comes into view. It is wielding a +0 club.
You shoot an arrow. The arrow completely misses the orc.
You hear a shout!
Menkaure calls on the powers of darkness!
Your body is wracked with pain!
The orc convulses!
You block the orc's attack.
You hear a shout!
You shoot an arrow. The arrow hits the orc!
The arrow freezes the orc.
You kill the orc!
Okawaru accepts your kill.
Menkaure gestures at you while chanting.
You struggle to resist.
Menkaure hits you.
You shoot an arrow. The arrow hits Menkaure.
The arrow freezes Menkaure.
Menkaure is heavily damaged.
You block Menkaure's attack.
You shoot an arrow.
The arrow hits Menkaure but does no damage.
Menkaure is heavily damaged.
Menkaure points at you and mumbles some strange words.
Pain shoots through your body!
An orc comes into view. It is wielding a +0 short sword.
Menkaure hits you!
An orc comes into view. It is wielding a +0 war axe.
The orc hits you but does no damage.
2884 ||| READING 2 scrolls of teleportation.
As you read the scroll of teleportation, it crumbles to dust.
You feel strangely unstable. You block Menkaure's attack.
The orc hits you with a +0 club.
You die...

## #.## #.# ..o
...# #.# ##.##
##..# #.# .....
...# #.# ....
..###.## #.o#
#......#
#.WM##.###..#
#..o@.......#
###.##.#.##<# #.
#.#.##.# #.
....##.#
#.#....##.#########
#.#....#...........
..##.#.#.......####
## #.#.#.#####.#
#.#.#.# #.#


You could see a phantom, Menkaure (fast) and 3 orcs.

Vanquished Creatures
  A scorpion (D:4)
  A howler monkey (D:4)
  A bombardier beetle (D:2)
  2 jellies (D:5)
  2 sleepcaps (D:4)
  3 gnolls (D:4)
  5 adders
  A ribbon worm (D:2)
  A dart slug (D:4)
  3 orcs
  5 ball pythons
  9 endoplasms
  5 giant cockroaches
  14 goblins
  2 hobgoblins
  4 jackals
  2 quokkas
  7 bats
  3 frilled lizards
  6 kobolds
  10 rats
87 creatures vanquished.

Notes
Turn   | Place    | Note
-------+----------+-------------------------------------------
     0 | D:1      | qw the Djinni Hunter began the quest for the Orb.
     0 | D:1      | Reached XP level 1. HP: 18/18 MP: 0/0
     0 | D:1      | 0 ||| qw: Version: 0.3-a-135-gb77e89d
     0 | D:1      | 0 ||| qw: Game counter: 836
     0 | D:1      | 0 ||| qw: Melee chars always use a shield: true
     0 | D:1      | 0 ||| qw: God list: Okawaru
     0 | D:1      | 0 ||| qw: Allow faded altars: false
     0 | D:1      | 0 ||| qw: Do Orc after clearing Dungeon:15 true
     0 | D:1      | 0 ||| qw: Do second Lair branch before Depths: true
     0 | D:1      | 0 ||| qw: Lair rune preference: random
     0 | D:1      | 0 ||| qw: Goals: Normal
     0 | D:1      | 0 ||| PLANNING D:1-11
   118 | D:1      | Reached XP level 2. HP: 23/23 MP: 0/0
   308 | D:1      | Reached XP level 3. HP: 28/28 MP: 0/0
   308 | D:1      | Learned a level 1 spell: Magic Dart
   311 | D:1      | Reached skill level 4 in Ranged Weapons
   619 | D:1      | 619 ||| READING scroll labelled TOUNTUAJEFU.
   620 | D:1      | 620 ||| READING scroll labelled SATWA PASKAO.
   620 | D:1      | 620 ||| IDENTIFYING silvery potion
   621 | D:1      | 621 ||| DROPPING scroll of butterflies.
   622 | D:1      | 622 ||| DROPPING potion of ambrosia.
   638 | D:2      | Found a faded altar of an unknown god.
   657 | D:2      | Reached skill level 3 in Fighting
   657 | D:2      | Reached XP level 4. HP: 27/35 MP: 0/0
   903 | D:2      | Reached skill level 3 in Dodging
   903 | D:2      | Reached XP level 5. HP: 40/40 MP: 0/0
   903 | D:2      | Learned a level 2 spell: Blink
  1167 | D:2      | 1167 ||| UPGRADING to ring of see invisible.
  1168 | D:2      | 1168 ||| UPGRADING to ring of positive energy.
  1169 | D:2      | 1169 ||| READING scroll labelled SIXITH BAWO.
  1172 | D:2      | 1172 ||| READING scroll labelled NOTOUDGHOERU.
  1172 | D:2      | 1172 ||| BRANDING +0 shortbow.
  1237 | D:3      | Found Movy's Weapon Shoppe.
  1800 | D:3      | Found a broken altar of Ashenzari.
  1802 | D:3      | 1802 ||| UPGRADING to +0 ring mail.
  1812 | D:3      | 1812 ||| DROPPING +0 leather armour.
  1813 | D:3      | 1813 ||| READING scroll labelled RAOZURCHAPH.
  1814 | D:3      | 1814 ||| READING scroll labelled OGEOBBEKUI.
  1854 | D:4      | 1854 ||| RETREEEEATING.
  1855 | D:4      | 1855 ||| RETREEEEATING.
  1857 | D:4      | 1857 ||| RETREEEEATING.
  1873 | D:4      | Reached skill level 1 in Armour
  1880 | D:4      | 1880 ||| FLEEEEING.
  1881 | D:4      | 1881 ||| FLEEEEING.
  1896 | D:4      | Reached XP level 6. HP: 21/46 MP: 0/0
  1988 | D:4      | Found an ornate altar of the Wu Jian Council.
  2044 | D:4      | Reached skill level 5 in Ranged Weapons
  2046 | D:4      | HP: 9/46 [gnoll/+0 halberd (3)]
  2047 | D:4      | 2047 ||| READING 2 scrolls of teleportation.
  2687 | D:4      | 2687 ||| UPGRADING to +2 hat.
  2692 | D:4      | 2692 ||| UPGRADING to amulet of reflection.
  2697 | D:4      | 2697 ||| DRINKING 2 bubbling inky potions.
  2716 | D:4      | 2716 ||| DRINKING 2 lumpy golden potions.
  2716 | D:4      | Gained mutation: You have a pair of small antennae on your
                  | head. [potion of mutation]
  2716 | D:4      | Gained mutation: Your muscles are strong. (Str +4, Int/Dex
                  | -1) [potion of mutation]
  2717 | D:4      | 2717 ||| DRINKING potion of mutation.
  2717 | D:4      | Lost mutation: You have a pair of small antennae on your
                  | head. [potion of mutation]
  2717 | D:4      | Lost mutation: Your muscles are strong. (Str +4, Int/Dex
                  | -1) [potion of mutation]
  2717 | D:4      | Gained mutation: You are frail. (-10% HP) [potion of
                  | mutation]
  2717 | D:4      | Gained mutation: You expend health (3 HP) to strengthen
                  | your wands. [potion of mutation]
  2718 | D:4      | 2718 ||| DROPPING potion of lignification.
  2777 | D:5      | Entered Level 5 of the Dungeon
  2795 | D:5      | Reached XP level 7. HP: 46/46 MP: 0/0
  2795 | D:5      | Learned a level 3 spell: Call Canine Familiar
  2804 | D:5      | Found a staircase to the Ecumenical Temple.
  2805 | D:5      | 2805 ||| PLANNING TEMPLE
  2805 | D:5      | 2805 ||| READING scroll labelled WAECEXE CATAL.
  2814 | Temple   | Entered the Ecumenical Temple
  2815 | Temple   | 2815 ||| PLANNING OKAWARU WORSHIP
  2823 | Temple   | Became a worshipper of Warmaster Okawaru
  2824 | Temple   | 2824 ||| PLANNING D:1-11
  2872 | D:5      | Noticed Menkaure
  2883 | D:5      | HP: 1/46 [Menkaure (15)]
  2884 | D:5      | 2884 ||| READING 2 scrolls of teleportation.
  2884 | D:5      | Slain by an orc

Levels and vault maps discovered:
D:1:      wander_arrival_estate, layout_basic, minmay_misc_feat_tower,
          minmay_pentomino_v4
D:2:      layout_rooms, basic_ecumenical_altar
D:3:      layout_basic, lemuel_coloured_pillars_altar, serial_shops,
          nicolae_square_shop
D:4:      layout_gridville, mainiacjoe_overflow_chevrons, fountainhead,
          chequers_serial_rivers_room_a, hellmonk_no_cap
D:5:      layout_loops_ring, minmay_temple_entry_stoned_glass,
          serial_bayou_lake_a, uniq_menkaure
Temple:   eino_temple_lava

Skill      XL: |  1  2  3  4  5  6 |
---------------+-------------------+-----
Ranged Weapons | 4 5 |  5.4
Fighting       | 3 4 |  4.0
Dodging        | 3 |  3.0
Armour         | 1 |  1.5
Stealth        | |  0.7

Action                     |  1- 3 |  4- 6 |  7- 9 || total
---------------------------+-------+-------+-------++-------
   Fire: Shortbow          |    65 |   178 |    17 ||   260
    Use: Scroll            |     2 |     5 |     2 ||     9
         Potion            |       |     3 |       ||     3
 Armour: Leather armour    |    12 |     5 |       ||    17
         Ring mail         |       |    40 |     5 ||    45
  Dodge: Dodged            |    11 |    53 |       ||    64
  Block: Other             |       |       |     4 ||     4

Table legend:
 A = Non-vault XP
 B = Vault XP
 C = Vault XP percentage of total XP
 D = Non-vault monster count
 E = Vault monster count
 F = Vault count percentage of total count
                 A         B        C        D         E       F
            +---------+---------+-------+---------+---------+-------
      Total |     485 |      97 |  16.7 |      79 |       8 |   9.2
            +---------+---------+-------+---------+---------+-------
        D:1 |      37 |       7 |  15.9 |      22 |       5 |  18.5
        D:2 |     107 |       0 |   0.0 |      22 |       0 |   0.0
        D:3 |      32 |       0 |   0.0 |      12 |       0 |   0.0
        D:4 |     202 |      90 |  30.8 |      18 |       3 |  14.3
        D:5 |     107 |       0 |   0.0 |       5 |       0 |   0.0
            +---------+---------+-------+---------+---------+-------
